 Dungeon Crawl Stone Soup version 0.31-a0-1626-g5cb510d322 (webtiles) character file.

Game seed: 3772551044027194185

33 mopl the Caller (level 3, 0/19 HPs)
             Began as a Tengu Summoner on Jan 12, 2024.
             Slain by a goblin
             ... wielding a +0 dagger
             ... led by Robin
              (2 damage)
             ... on level 1 of the Dungeon.
             The game lasted 00:01:40 (602 turns).

mopl the Caller (Tengu Summoner)                     Turns: 602, Time: 00:01:40

Health: 0/19       AC:  2    Str:  8    XL:     3   Next: 29%
Magic:  13/17      EV: 12    Int: 17    God:
Gold:   20         SH:  0    Dex: 14    Spells: 4/7 levels left

rFire   . . .        d - +0 dagger
rCold   . . .        (no shield)
rNeg    . . .        a - +0 robe
rPois   .            (helmet restricted)
rElec   .            (no cloak)
rCorr   .            (no gloves)
SInv    .            (boots unavailable)
Will    .....        (no amulet)
Stlth   ++           k - ring of magical power
HPRegen 0.23/turn    (no ring)
MPRegen 0.15/turn

%: acrobat
@: no status effects
A: beak, talons 3, acrobatic
a: no special abilities


You were on level 1 of the Dungeon.
You visited 1 branch of the dungeon, and saw 2 of its levels.

You collected 20 gold pieces.

Inventory:

Hand Weapons
 d - a +0 dagger (weapon)
Missiles
 i - 5 javelins
Armour
 a - a +0 robe (worn)
Jewellery
 k - a ring of magical power (left hand)
Scrolls
 c - a scroll of acquirement {unknown}
 e - a scroll of identify {unknown}
 f - a scroll of fog {unknown}
 g - a scroll of teleportation {unknown}
 l - a scroll of vulnerability {unknown}
 m - a scroll of poison {unknown}
Potions
 b - a potion of magic
 h - a potion of enlightenment {unknown}
 j - a potion of brilliance {unknown}


   Skills:
 - Level 2.1 Dodging
 - Level 2.0 Stealth
 + Level 2.7 Spellcasting
 + Level 5.5 Summonings


You had 4 spell levels left.
You knew the following spells:

 Your Spells              Type           Power      Damage    Failure   Level
a - Summon Small Mammal   Summ           84%        N/A       1%          1
b - Call Imp              Summ           42%        N/A       2%          2

Your spell library contained the following spells:

 Spells                   Type           Power      Damage    Failure   Level
 Call Canine Familiar     Summ           21%        N/A       5%          3
 Summon Blazeheart Golem  Fire/Summ      11%        N/A       50%         4
 Summon Lightning Spire   Summ/Air       11%        N/A       50%         4


Dungeon Overview and Level Annotations

Branches:
Dungeon (2/15)

Altars:

Annotations:
D:2 Robin


Innate Abilities, Weirdness & Mutations

You have a beak for a mouth.
You have claws for feet.
You can magically evade attacks while moving or waiting.


Message History

Your rat closely misses Robin.
The goblin hits you with a +0 dagger.
Unknown command.
You closely miss the goblin.
The goblin is moderately wounded.
Robin hits you with a +0 dagger.
Your cerulean imp closely misses Robin.
A hobgoblin comes into view.
Your rat completely misses Robin.
The goblin hits you with a +0 dagger.
Unknown command.
You hit the goblin but do no damage. You claw the goblin.
The goblin is heavily wounded.
Robin says, "Bow before me, strongest of all the hobgoblins!"
Robin roars a battlecry!
The hobgoblin goes into a battle-frenzy!
Your cerulean imp barely misses Robin.
Your rat barely misses Robin.
The goblin hits you with a +0 dagger.
* * * LOW HITPOINT WARNING * * *
Robin attacks as they pursue you! Robin hits you with a +0 dagger.
* * * LOW HITPOINT WARNING * * *
Your cerulean imp hits Robin from afar with a -2 spear.
The goblin closely misses you.
Your rat bites Robin.
Unknown command.
Robin throws the goblin at you!
* * * LOW HITPOINT WARNING * * *
Your cerulean imp barely misses Robin.
A hobgoblin comes into view.
Your rat barely misses Robin.
The goblin completely misses you.
There is a stone staircase leading up here.
Unknown command.
The hobgoblin shouts!
Your cerulean imp hits the hobgoblin but does no damage.
The goblin closely misses you.
You climb upwards.
There is a stone staircase leading down here.
Unknown command.
Casting: Summon Small Mammal (safe; 1% risk of failure)
Confirm with . or Enter, or press ? or * to list all spells.
A tiny devil pulls itself out of the air.
The goblin no longer looks unusually strong.
The goblin hits you with a +0 dagger.
You die...

#.................
#....[########....
#######...###....###
#.........#...######
#...................
#.........##########
#.........# #
#.........# #
#..@......## #####
#.g........## #....
#.5.........####.###
#.........#...†..#
##############..##
########..##
#..........###
##............ ###
#########..##


You could see a goblin (ally target) and a friendly cerulean imp (summoned).

Vanquished Creatures
  A dart slug (D:1)
  A ball python (D:1)
  A bat (D:2)
  An endoplasm (D:1)
  A giant cockroach (D:1)
  2 goblins
  4 hobgoblins
  4 jackals (D:2)
  3 quokkas (D:1)
  A frilled lizard (D:1)
  4 rats (D:1)
23 creatures vanquished.

Vanquished Creatures (collateral kills)
  A ball python (D:2)
  A goblin (D:2)
  A quokka (D:1)
3 creatures vanquished.

Grand Total: 26 creatures vanquished

Notes
Turn   | Place    | Note
-------+----------+-------------------------------------------
     0 | D:1      | mopl the Tengu Summoner began the quest for the Orb.
     0 | D:1      | Reached XP level 1. HP: 10/10 MP: 4/4
    43 | D:1      | Reached skill level 5 in Summonings
    44 | D:1      | Reached XP level 2. HP: 15/15 MP: 6/6
   108 | D:1      | Learned a level 2 spell: Call Imp
   462 | D:2      | Reached XP level 3. HP: 13/19 MP: 7/7
   551 | D:2      | Noticed Robin
   602 | D:1      | Slain by a goblin

Illustrated notes

Levels and vault maps discovered:
D:1:      minmay_arrival_plants_in_alcoves, layout_rooms
D:2:      layout_loops_corners, basic_altar, nicolae_nh_oracle_at_delphi,
          uniq_natasha, uniq_robin

Skill      XL: |  1 |
---------------+----+-----
Summonings     | 5 |  5.5
Dodging        | |  2.1
Stealth        | |  2.0
Spellcasting   | |  2.7

Action                     || total
---------------------------++-------
  Melee: Unarmed           ||    14
         Kick              ||    23
         Peck              ||    11
         Dagger            ||    53
   Cast: Summon Small Mamm ||     2
         Call Imp          ||     5
   Stab: Sleeping          ||     2
 Armour: Robe              ||    28
  Dodge: Dodged            ||    51

Table legend: (Time is in decaauts)
 A = Elapsed time spent in this place.
 B = Non-inter-level travel time spent in this place.
 C = Inter-level travel time spent in this place.
 D = Time resting spent in this place.
 E = Time spent auto-exploring this place.
 F = Levels seen in this place.
 G = Mean time per level.
                   A        B        C        D        E       F      G
               +--------+--------+--------+--------+--------+-----+--------+
         Total |    601 |    562 |     39 |     27 |    314 |   2 |  300.5 |
       Dungeon |    601 |    562 |     39 |     27 |    314 |   2 |  300.5 |
               +--------+--------+--------+--------+--------+-----+--------+

Top non-repeatable levels by time:
     D:1: 447 daAuts
     D:2: 153 daAuts
